Map: Temple gelé

Players

zidar

  • Race: Zerg Zerg
  • League: Platinum
  • Spawn Location: 5:00

figitoss - Winner!

  • Race: Protoss Protoss
  • League: Platinum
  • Spawn Location: 11:00

VOD

Have the link to the VOD?

Description

Time

  • Played on: Nov. 1, 2016, 12:07 p.m.
  • Length: 6:40
Show
View Real Time Build Order
Export as new Build Order

zidar Zerg 

Build Orders: Hatch First 

Get SALT Encoding   

  12  0:01  Drone  
  13  0:12  Overlord  
  13  0:18  Drone  
  14  0:31  Drone x2  
  16  0:52  Hatchery  
  16  0:55  Drone  
  16  1:00  Extractor  
  16  1:03  Drone  
  16  1:19  Spawning Pool  
  16  1:23  Drone  
  16  1:34  Evolution Chamber  
  16  1:39  Drone  
  16  1:41  Drone  
  17  2:09  Metabolic Boost  
  17  2:10  Queen  
  19  2:17  Queen  
  21  2:42  Zergling x8  
  24  2:55  Pneumatized Carapace  
  24  2:59  Drone x4  
  28  3:17  Overlord x2  
  28  3:27  Extractor  
  27  3:49  Drone x7  
  27  3:50  Drone  
  31  4:27  Drone  
  31  4:28  Baneling Nest, Drone x2  
  33  4:35  Drone x5  
  38  4:43  Zerg Melee Weapons Level 1  
  38  4:44  Lair  
  38  4:50  Extractor, Drone  
  38  4:52  Extractor  
  37  5:05  Hatchery  
  36  5:07  Zergling x4  
  36  5:08  Zergling x4  
  36  5:10  Zergling x6  
  43  5:17  Overlord  
  43  5:19  Overlord  
  43  5:35  Queen  
  45  5:43  Drone x3  
  45  5:47  Drone x6  
  54  5:56  Baneling  
  54  5:57  Baneling x7  
  54  6:01  Zergling x4  
  54  6:19  Zergling x2  
  54  6:20  Zergling x4  
Show
View Real Time Build Order
Export as new Build Order

figitoss Protoss - Winner!

Build Orders: 1 Gate Expand 

Get SALT Encoding   

  12  0:14  Probe (Chrono Boost)  
  12  0:18  Pylon  
  13  0:25  Probe (Chrono Boost)  
  15  0:35  Probe (Chrono Boost)  
  15  0:44  Gateway  
  15  0:46  Probe (Chrono Boost)  
  16  0:57  Probe (Chrono Boost)  
  17  1:24  Probe (Chrono Boost), Assimilator  
  18  1:27  Nexus  
  18  1:36  Cybernetics Core  
  18  1:41  Zealot (Chrono Boost)  
  18  1:46  Probe (Chrono Boost)  
  21  1:56  Pylon  
  21  1:59  Probe  
  22  2:05  Pylon  
  22  2:15  Zealot (Chrono Boost)  
  24  2:19  Gateway  
  24  2:24  Warp Gate  
  24  2:31  Assimilator  
  24  2:38  Adept (Chrono Boost)  
  26  2:50  Probe  
  27  3:01  Probe  
  28  3:09  Robotics Facility  
  28  3:11  Probe  
  28  3:12  Zealot (Chrono Boost)  
  31  3:21  Stalker (Chrono Boost)  
  31  3:23  Probe (Chrono Boost)  
  31  3:24  Probe (Chrono Boost)  
  35  3:34  Probe (Chrono Boost)  
  35  3:35  Probe (Chrono Boost)  
  35  3:41  Stalker  
  39  3:45  Probe (Chrono Boost)  
  40  3:51  Pylon  
  41  3:55  Probe (Chrono Boost)  
  41  3:58  Observer  
  40  4:41  Probe (Chrono Boost)  
  40  4:45  Warp Prism  
  41  4:52  Probe (Chrono Boost), Gateway  
  44  4:58  Gateway  
  44  5:02  Probe (Chrono Boost)  
  44  5:06  Adept  
  44  5:07  Adept  
  49  5:13  Probe (Chrono Boost)  
  50  5:21  Immortal  
  50  5:24  Probe (Chrono Boost)  
  55  5:30  Gateway  
  55  5:37  Pylon  
  55  5:40  Pylon  
  55  5:43  Pylon  
  55  5:50  Stalker x2  
  59  6:01  Gateway  
  59  6:09  Stalker x2  
  63  6:17  Adept x2  
  67  6:30  Pylon  
  67  6:32  Pylon  
Tags
 
Add a new tag
Caveats
  • Supply blocks, unpowered buildings, or Contaminate may cause inaccurate times.
  • Supply counts are checked every 10 seconds.